 Dungeon Crawl Stone Soup version 0.30-a0-779-g7971cf19c3 (webtiles) character file.

Game seed: 5926489408510669719

19075 IndexError the Skirmisher (level 12, -28/77 HPs)
             Began as a Deep Elf Hexslinger on Feb 17, 2023.
             Was a High Priest of Nemelex Xobeh.
             Killed from afar by Jorgrun (56 damage)
             ... with an iron shot
             ... on level 12 of the Dungeon.
             The game lasted 00:44:35 (13488 turns).

IndexError the Skirmisher (Deep Elf Hexslinger)    Turns: 13488, Time: 00:44:35

Health: -28/77     AC: 15    Str: 13    XL:     12   Next: 33%
Magic:  21/21      EV: 21    Int: 20    God:    Nemelex Xobeh [*****.]
Gold:   1147       SH:  5    Dex: 25    Spells: 11/21 levels left

rFire   + . .      SeeInvis +    b - +27 heavy crossbow "Sniper" {heavy, Acc+∞ SInv}
rCold   + . .      Faith    .    (shield currently unavailable)
rNeg    . . .      Spirit   .    E - +2 robe {rC+}
rPois   +          Reflect  +    S - +1 helmet
rElec   +          Harm     .    A - +3 cloak of the Sun {rF+ Will++ Str+4 Dex-2}
rCorr   .          Rampage  .    q - +2 pair of gloves
Will    ++...                    B - +1 pair of boots of Otez {rElec Will- Str+2 Dex+8}
Stlth   ++                       y - amulet of reflection
HPRegen 0.32/turn                h - ring of poison resistance {rPois, !d}
MPRegen 0.17/turn                W - +4 ring of slaying

@: no status effects
A: no striking features
a: Renounce Religion, Draw Escape, Draw Destruction, Draw Summoning, Draw Stack,
Triple Draw, Deal Four, Stack Five


You were on level 12 of the Dungeon.
You worshipped Nemelex Xobeh.
Nemelex Xobeh was extremely pleased with you.
You visited 1 branch of the dungeon, and saw 12 of its levels.
You also visited: Bailey.

You collected 1387 gold pieces.
You spent 240 gold pieces at shops.

Inventory:

Hand Weapons
 a - a +1 heavy shortbow
   (You took it off a centaur on level 5 of the Dungeon)
 b - the +27 heavy crossbow "Sniper" (weapon) {heavy, Acc+∞ SInv}
   (You acquired it on level 11 of the Dungeon)

   Acc+∞: It never misses its target.
   SInv:      It lets you see invisible.
Missiles
 k - 2 curare-tipped darts
 C - 4 throwing nets {=f, !d}
 P - 3 silver javelins
Armour
 q - a +2 pair of gloves (worn)
   (You found it on level 1 of the Dungeon)
 r - a +0 robe
   (You found it on level 1 of the Dungeon)
 t - a +0 robe
   (You found it on level 2 of the Dungeon)
 v - a +0 pair of boots of flying
   (You found it in a bailey)
 A - the +3 cloak of the Sun (worn) {rF+ Will++ Str+4 Dex-2}
   (You found it on level 3 of the Dungeon)

   Str:       It affects your strength (+4).
   Dex:       It affects your dexterity (-2).
   rF:        It protects you from fire.
   Will:      It greatly increases your willpower.
 B - the +1 pair of boots of Otez (worn) {rElec Will- Str+2 Dex+8}
   (You found it on level 3 of the Dungeon)

   Str:       It affects your strength (+2).
   Dex:       It affects your dexterity (+8).
   rElec:     It insulates you from electricity.
   Will:      It decreases your willpower.
 E - a +2 robe of cold resistance (worn)
   (You took it off Dowan on level 4 of the Dungeon)
 H - a +0 robe
   (You took it off an orc wizard on level 4 of the Dungeon)
 I - a +0 robe
   (You took it off an orc wizard on level 4 of the Dungeon)
 L - a +0 robe
   (You found it on level 4 of the Dungeon)
 O - a +0 robe
   (You took it off a gnoll bouda on level 5 of the Dungeon)
 R - a +0 robe
   (You found it on level 5 of the Dungeon)
 S - a +1 helmet (worn)
   (You found it on level 11 of the Dungeon)
 T - a +0 robe
   (You took it off an orc wizard on level 5 of the Dungeon)
 V - a +0 robe
   (You took it off an orc wizard on level 5 of the Dungeon)
 X - a +0 robe
   (You took it off Pikel on level 5 of the Dungeon)
 Y - a +1 leather armour of fire resistance
   (You found it on level 10 of the Dungeon)
Magical Staves
 z - a staff of earth
   (You found it on level 2 of the Dungeon)
Jewellery
 h - a ring of poison resistance (left hand) {rPois, !d}
   (You bought it in a shop on level 7 of the Dungeon)
 y - an amulet of reflection (around neck)
   (You found it on level 2 of the Dungeon)
 G - a ring of willpower
   (You found it on level 4 of the Dungeon)
 U - a +6 ring of dexterity
   (You found it on level 10 of the Dungeon)
 W - a +4 ring of slaying (right hand)
   (You found it on level 5 of the Dungeon)
Wands
 D - a wand of iceblast (7)
   (You found it on level 6 of the Dungeon)
 M - a wand of flame (81)
   (You found it on level 4 of the Dungeon)
 N - a wand of charming (4)
   (You found it on level 11 of the Dungeon)
Scrolls
 c - a scroll of identify
 e - a scroll of amnesia
 m - 5 scrolls of teleportation
 s - a scroll of magic mapping {!r}
 u - a scroll of poison
 w - 2 scrolls of blinking {!r}
 F - a scroll of immolation {!r}
 J - a scroll of silence
 Q - 2 scrolls of fear
Potions
 d - 2 potions of might {unknown}
 f - a potion of magic
 g - 3 potions of heal wounds
 i - 5 potions of brilliance
 j - 8 potions of mutation {!q}
 l - a potion of resistance
 o - 3 potions of attraction {!q}
 p - 7 potions of curing
 x - 2 potions of lignification {!q}
 K - 3 potions of flight
Miscellaneous
 n - a phantom mirror
   (You found it on level 9 of the Dungeon)
 Z - a lightning rod (4/4)
   (You found it on level 11 of the Dungeon)


   Skills:
 + Level 10.0 Fighting
 + Level 10.2 Ranged Weapons
 - Level 10.0 Dodging
 - Level 5.0 Spellcasting
 - Level 10.0 Hexes
 - Level 5.0 Translocations
 - Level 10.0 Invocations


You had 11 spell levels left.
You knew the following spells:

 Your Spells              Type           Power      Damage    Failure   Level
a - Portal Projectile     Hex/Tloc       70%        N/A       1%          3
b - Cause Fear            Hex            22%        N/A       1%          4
c - Blink                 Tloc           50%        N/A       2%          2
s - Slow                  Hex            100%       N/A       1%          1

Your spell library contained the following spells:

 Spells                   Type           Power      Damage    Failure   Level
 Confusing Touch          Hex            45%        N/A       1%          3
 Lesser Beckoning         Tloc           50%        N/A       2%          2
 Inner Flame              Hex/Fire       25%        N/A       4%          3
 Momentum Strike          Conj/Tloc      30%        3d8       6%          2
 Kiss of Death            Conj/Necr      20%        2d7       12%         1
 Kindle Blastsparks       Fire/Tloc/Air  22%        2d11      19%         3
 Ignite Poison            Fire/Tmut/Pois 5%         N/A       34%         3
 Dispel Undead            Necr           5%         3d7       75%         4
 Freezing Cloud           Conj/Ice/Air   2%         6-21      97%         5


Dungeon Overview and Level Annotations

Branches:
Dungeon (12/15)            Temple (0/1) D:7            Lair (0/5) D:10
    Orc (0/2) D:9          Bailey (visited)

Altars:
Ashenzari
Cheibriados
Dithmenos
Gozag
Hepliaklqana
Makhleb
Nemelex Xobeh
Okawaru
Ru
Uskayaw
Vehumet
Wu Jian
Xom
Yredelemnul

Shops:
D:5 ?*(   D:7 *   D:9 :   D:10 ?   D:11 [

Annotations:
D:12 Jorgrun


Message History

Aim: a troll (100% to hit)
You shoot a bolt. The bolt hits the troll!
The troll misses you. x2; The troll closely misses you.
The troll bites you. The troll barely misses you. You block the troll's attack.
A large slime creature splits.
The troll misses you. x2
The troll claws you but does no damage.
Warning x3: The troll can hit for high damage in melee, and regenerates quickly!
The slime creature can hit for high damage in melee! x2
You take 2 damage, and have 28/77 hp.
Fire: b) +27 heavy crossbow "Sniper" {heavy, Acc+∞ SInv}
Press: ? - help, Q - select action, (/) - cycle Shift-Dir - straight line, f/p - troll
Aim: a troll (lightly wounded, 100% to hit)
You shoot a bolt. The bolt hits the troll!!!!
The slime creature hits you!
* * * LOW HITPOINT WARNING * * *
The slime creature hits you but does no damage.
The slime creature closely misses you. You block the slime creature's attack.
The slime creature completely misses you.
The slime creature barely misses you.
Training target 10.0 for Dodging reached!
Your Dodging skill increases to level 10!
You need to enable at least one skill for training.
Warning x2: The slime creature can hit for high damage in melee! x2
You take 14 damage, and have 14/77 hp.
Fire: b) +27 heavy crossbow "Sniper" {heavy, Acc+∞ SInv}
Press: ? - help, Q - select action, (/) - cycle Shift-Dir - straight line, f - slime creature
Aim: a slime creature (100% to hit)
You shoot a bolt. The bolt hits the slime creature!!
The slime creature completely misses you.
The slime creature hits you.
* * * LOW HITPOINT WARNING * * *
The slime creature completely misses you.
The slime creature hits you but does no damage.
The slime creature hits you.
* * * LOW HITPOINT WARNING * * *
The slime creature misses you.
Warning x2: The slime creature can hit for high damage in melee! x2
You take 5 damage, and have 9/77 hp.
Fire: b) +27 heavy crossbow "Sniper" {heavy, Acc+∞ SInv}
Press: ? - help, Q - select action, (/) - cycle Shift-Dir - straight line, f/p - slime creature
Aim: a slime creature (heavily wounded, 100% to hit)
You shoot a bolt. The bolt hits the slime creature!!!!
You block the slime creature's attack.
The slime creature hits you but does no damage. x2
Spoiler Alert: The slime creature can hit for high damage in melee!
Fire: b) +27 heavy crossbow "Sniper" {heavy, Acc+∞ SInv}
Press: ? - help, Q - select action, (/) - cycle Shift-Dir - straight line, f - slime creature
Aim: a slime creature (100% to hit)
You shoot a bolt. The bolt hits the slime creature!!!
The slime creature hits you but does no damage. x3
Fire: b) +27 heavy crossbow "Sniper" {heavy, Acc+∞ SInv}
Press: ? - help, Q - select action, (/) - cycle Shift-Dir - straight line, f/p - slime creature
Aim: a slime creature (almost dead, 100% to hit)
You shoot a bolt. The bolt hits the slime creature!!!!
HP restored.
Done exploring.
Health restored: 77 You climb downwards.
You feel a wave of frost pass over you.
There is an entrance to an ice cave on this level.
Hurry and find it before the portal melts!
Level annotation: Jorgrun You hear the steady crackling of a melting archway nearby.
A slime creature comes into view.
There is a stone staircase leading up here.
Spoiler Alert: The slime creature can hit for high damage in melee!
Fire: b) +27 heavy crossbow "Sniper" {heavy, Acc+∞ SInv}
Press: ? - help, Q - select action, (/) - cycle Shift-Dir - straight line, f - slime creature
Aim: a slime creature (100% to hit)
You shoot a bolt. The bolt hits the slime creature!!!
You hear an angry buzzing noise.
Some rock shatters into small pieces.
Jorgrun gestures at you while chanting. The iron shot hits you!!!
Ouch! That really hurt!
The slime creature closely misses you.
The slime creature hits you but does no damage.
Jorgrun gestures next to you while chanting.
The wall shatters!
The blast of rock fragments hits you but does no damage.
Warning x2: The slime creature can hit for high damage in melee!
Jorgrun can cast petrify and shatter!
You take 43 damage, and have 34/77 hp.
MASSIVE DAMAGE!!
Fire: b) +27 heavy crossbow "Sniper" {heavy, Acc+∞ SInv}
Press: ? - help, Q - select action, (/) - cycle Shift-Dir - straight line, f/p - slime creature
Aim: a slime creature (almost dead, 100% to hit)
You shoot a bolt. The bolt hits the slime creature!!!
You hear an angry buzzing noise.
A vampire mosquito comes into view.
A slime creature comes into view.
Jorgrun closely misses you.
The slime creature hits you but does no damage.
The vampire mosquito bites you!
The vampire mosquito draws strength from your injuries!
A vampire mosquito comes into view.
The vampire mosquito buzzes angrily.
Warning x2: The slime creature can hit for high damage in melee!
Jorgrun can cast petrify and shatter!
You take 7 damage, and have 27/77 hp.
The vampire mosquito closely misses you.
Jorgrun casts a spell at you. The iron shot hits you!!!
Ouch! That really hurt!
You die...
Your body glows with a rainbow of weird colours and disappears.

***,**,,,,,,,,,,,* *,*
,,,,*****,******,* *,*
*********,* *,* *,*
,,,,,,,,,,* *,* *,*
**********######,* *,*
,,,,,,,.,.,.>...,******,*
****,,,.)...,$..,,,,,,,,*
,,,,,,,.......#y#######**
****,,,,.[)....g@.....#
*,**,*#..).##J######
****,,,...#.g.......#
,,,,,,,..........####
,,,,,,,...#...##.#
,,,,,,,......# #.#
,,,,,,,...#..* ..#
,,,,,,,.....** #.#
,,,,,,,...##* ###


You could see Jorgrun, a slime creature and a vampire mosquito.

Vanquished Creatures
  A hydra (D:11)
  Harold (D:10)
  A two-headed ogre (D:9)
  A boulder beetle (D:11)
  2 ugly things (D:11)
  A deep elf pyromancer (D:11)
  A cyclops (D:11)
  A gargoyle (D:11)
  2 komodo dragons (D:11)
  An unseen horror (D:10)
  The ghost of M4edhros the Charlatan, a novice OpAr of Cheibriados (D:5)
  A hornet (D:10)
  3 trolls (D:11)
  4 slime creatures
  2 shadows
  2 yaks (D:11)
  4 vampires (D:11)
  3 wraiths
  Eustachio (D:5)
  2 steam dragons (D:10)
  Grum (D:11)
  8 vampire mosquitoes (D:11)
  2 wargs (D:10)
  Edmund (D:4)
  Duvessa (D:4)
  A water moccasin (D:7)
  3 ice beasts
  13 orc warriors
  3 wolves (D:11)
  13 centaurs
  4 ogres
  2 lemures
  4 kobold brigands
  3 scorpions
  11 wights
  Dowan (D:4)
  11 killer bees
  3 howler monkeys
  3 hounds
  A jelly (D:5)
  3 gnoll boudas
  5 orc priests
  9 iguanas
  12 orc wizards
  19 gnolls
  5 adders
  A river rat (D:4)
  A white imp (D:6)
  A worm (D:2)
  A dart slug (D:1)
  34 orcs
  9 ball pythons
  A bat (D:3)
  5 endoplasms
  7 giant cockroaches
  13 goblins
  11 hobgoblins
  10 jackals
  3 quokkas
  4 frilled lizards
  34 kobolds
  4 rats
  A spectral orc (D:4)
317 creatures vanquished.

Vanquished Creatures (collateral kills)
  An orc knight (Bailey)
  Pikel (D:5)
  Maggie (D:6)
  Psyche (D:10)
  Prince Ribbit (D:5)
  2 gnoll sergeants
  A wight (D:6)
  A hound (D:6)
  An orc priest (D:9)
  8 gnolls
  An adder (D:5)
19 creatures vanquished.

Vanquished Creatures (others)
  A manticore (D:11)
  An orc (D:12)
  A goblin (D:4)
  3 fungi (D:1)
  3 plants
9 creatures vanquished.

Grand Total: 345 creatures vanquished

Notes
Turn   | Place    | Note
-------+----------+-------------------------------------------
     0 | D:1      | IndexError the Deep Elf Hexslinger began the quest for the
                  | Orb.
     0 | D:1      | Reached XP level 1. HP: 11/11 MP: 5/5
   142 | D:1      | Reached skill level 3 in Ranged Weapons
   224 | D:1      | Reached skill level 1 in Fighting
   260 | D:1      | Reached XP level 2. HP: 15/16 MP: 6/6
   418 | D:1      | Found a faded altar of an unknown god.
   432 | D:1      | Prayed at the altar of an unknown god.
   432 | D:1      | Became a worshipper of Nemelex Xobeh the Trickster
   432 | D:1      | Reached * piety under Nemelex Xobeh
   432 | D:1      | Received a gift from Nemelex Xobeh
   466 | D:1      | Reached XP level 3. HP: 18/20 MP: 7/7
   606 | D:1      | Reached skill level 4 in Ranged Weapons
   926 | D:2      | Learned a level 3 spell: Portal Projectile
   958 | D:2      | You fall into a shaft and drop 1 floor!
  1109 | D:3      | Reached ** piety under Nemelex Xobeh
  1300 | D:2      | Reached XP level 4. HP: 26/26 MP: 8/8
  2005 | D:3      | Identified the +3 cloak of the Sun {rF+ Will++ Str+4 Dex-2}
  2057 | D:3      | Identified the +1 pair of boots of Otez {rElec Will- Str+2
                  | Dex+8}
  2445 | D:4      | Noticed Edmund
  2451 | D:4      | Killed Edmund
  2452 | D:4      | Reached skill level 2 in Fighting
  2452 | D:4      | Reached skill level 5 in Ranged Weapons
  2452 | D:4      | Reached skill level 5 in Hexes
  2452 | D:4      | Reached XP level 5. HP: 31/31 MP: 6/9
  2501 | D:4      | Noticed Duvessa
  2501 | D:4      | Noticed Dowan
  2544 | D:4      | Killed Duvessa
  2545 | D:4      | Reached skill level 6 in Ranged Weapons
  2545 | D:4      | Reached XP level 6. HP: 36/36 MP: 8/10
  2547 | D:4      | Killed Dowan
  2635 | D:4      | Reached skill level 6 in Hexes
  2658 | D:4      | Reached skill level 7 in Ranged Weapons
  2963 | D:4      | Reached skill level 3 in Fighting
  2977 | D:4      | Reached XP level 7. HP: 38/41 MP: 11/11
  3128 | D:4      | Found an iron altar of Okawaru.
  3146 | D:4      | Noticed Sigmund
  3155 | D:4      | Sigmund changed into Sigmund the iguana
  3155 | D:4      | Noticed Sigmund
  3158 | D:4      | Killed Sigmund the iguana
  3173 | D:4      | Found a radiant altar of Vehumet.
  3230 | D:4      | Found a burning altar of Makhleb.
  3293 | D:4      | Reached *** piety under Nemelex Xobeh
  3296 | D:4      | Noticed Grinder
  3301 | D:4      | Grinder changed into Grinder the lemure
  3301 | D:4      | Noticed Grinder
  3336 | D:4      | Killed Grinder the lemure
  3384 | D:4      | Received a gift from Nemelex Xobeh
  3508 | D:4      | Found a basalt altar of Yredelemnul.
  3628 | D:5      | Entered Level 5 of the Dungeon
  3767 | D:5      | Found Karus's Weapon Shop.
  3785 | D:5      | Reached skill level 8 in Ranged Weapons
  3877 | D:5      | Found Waeheq's Assorted Antiques.
  3943 | D:5      | Noticed Eustachio
  3971 | D:5      | Killed Eustachio
  3972 | D:5      | Reached skill level 7 in Hexes
  4068 | D:5      | Learned a level 4 spell: Cause Fear
  4106 | D:5      | Found Kin Joxt's Magic Scroll Shoppe.
  4114 | D:5      | Reached skill level 9 in Ranged Weapons
  4122 | D:5      | Reached XP level 8. HP: 48/48 MP: 9/12
  4178 | D:5      | Found a runed translucent door.
  4179 | D:5      | Noticed M4edhros's ghost (novice OpAr)
  4191 | D:5      | Found a broken altar of Ashenzari.
  4196 | D:5      | Saw a vision of the Shoals and the Snake Pit.
  4196 | D:5      | Noticed a merfolk siren
  4196 | D:5      | Noticed a wind drake
  4196 | D:5      | Noticed a manticore
  4196 | D:5      | Noticed a merfolk
  4196 | D:5      | Noticed a snapping turtle
  4196 | D:5      | Noticed a sea snake
  4196 | D:5      | Noticed a black mamba
  4196 | D:5      | Noticed a manticore
  4196 | D:5      | Noticed a merfolk
  4196 | D:5      | Noticed a water nymph
  4196 | D:5      | Noticed a merfolk siren
  4196 | D:5      | Noticed a skyshark
  4197 | D:5      | Noticed a merfolk
  4215 | D:5      | Noticed Pikel
  4217 | D:5      | Noticed Prince Ribbit
  4236 | D:5      | Killed Pikel
  4237 | D:5      | Reached skill level 5 in Fighting
  4237 | D:5      | Reached skill level 10 in Ranged Weapons
  4238 | D:5      | Killed Prince Ribbit
  4260 | D:5      | Reached skill level 6 in Fighting
  4286 | D:5      | Received a gift from Nemelex Xobeh
  4573 | D:5      | Reached XP level 9. HP: 42/56 MP: 9/13
  4641 | D:5      | Found a shimmering altar of Xom.
  4964 | D:5      | Killed M4edhros's ghost
  4965 | D:5      | Reached skill level 7 in Fighting
  4965 | D:5      | Reached skill level 2 in Invocations
  5183 | D:6      | Found a shadowy altar of Dithmenos.
  5262 | D:6      | Noticed Maggie
  5275 | D:6      | Killed Maggie
  5276 | D:6      | Reached skill level 3 in Invocations
  5325 | D:6      | Reached skill level 4 in Invocations
  5465 | D:6      | Learned a level 2 spell: Blink
  5487 | D:6      | Found a snail-covered altar of Cheibriados.
  5555 | D:6      | Reached skill level 8 in Fighting
  5592 | D:6      | Received a gift from Nemelex Xobeh
  5641 | D:6      | Reached skill level 5 in Invocations
  6201 | D:7      | Reached **** piety under Nemelex Xobeh
  6222 | D:7      | Found a staircase to the Ecumenical Temple.
  6398 | D:7      | Reached skill level 6 in Invocations
  6409 | D:7      | Reached XP level 10. HP: 40/65 MP: 16/16
  6619 | D:7      | Received a gift from Nemelex Xobeh
  6724 | D:7      | Found Suapse's Serpentskin Sales.
  6753 | D:7      | Bought a ring of poison resistance for 240 gold pieces
  7174 | D:8      | Found a hazy altar of Hepliaklqana.
  7661 | D:8      | Received a gift from Nemelex Xobeh
  7673 | D:8      | Reached ***** piety under Nemelex Xobeh
  8439 | D:9      | Reached skill level 7 in Invocations
  8461 | D:9      | Reached skill level 9 in Fighting
  8607 | D:9      | Found a sparkling altar of Nemelex Xobeh.
  8703 | D:9      | Found Zepamm's Book Shoppe.
  8759 | D:9      | Found a staircase to the Orcish Mines.
  8760 | D:9      | Received a gift from Nemelex Xobeh
  8918 | D:9      | Found an opulent altar of Gozag.
  8918 | D:9      | Found an ornate altar of the Wu Jian Council.
  9122 | D:9      | Noticed a two-headed ogre
  9128 | D:9      | Killed a two-headed ogre
  9129 | D:9      | Reached skill level 8 in Invocations
  9169 | D:9      | HP: 7/66 [orc priest/divine providence (14)]
  9562 | D:10     | Entered Level 10 of the Dungeon
  9621 | D:10     | Received a gift from Nemelex Xobeh
  9630 | D:10     | Found a flagged portal.
  9648 | Bailey   | Entered a bailey
  9727 | Bailey   | Noticed an orc knight
  9758 | Bailey   | Killed an orc knight
  9759 | Bailey   | Reached skill level 10 in Fighting
  9759 | Bailey   | Reached skill level 9 in Invocations
  9905 | Bailey   | Identified the +6 glaive "Cookie Cutter" {flame, rElec rC-
                  | rN+++ SInv}
  9979 | Bailey   | Reached skill level 2 in Spellcasting
  9979 | Bailey   | Reached XP level 11. HP: 63/72 MP: 20/20
 10136 | D:10     | Found a hide-covered altar of Uskayaw.
 10273 | D:10     | Noticed Harold
 10456 | D:10     | Killed Harold
 10457 | D:10     | Reached skill level 3 in Spellcasting
 10607 | D:10     | Reached skill level 10 in Invocations
 10616 | D:10     | Reached skill level 8 in Hexes
 10637 | D:9      | Reached skill level 4 in Spellcasting
 10789 | D:10     | Found a staircase to the Lair.
 10824 | D:10     | Found a sacrificial altar of Ru.
 11049 | D:10     | Found Dutest's Magic Scroll Boutique.
 11202 | D:11     | Noticed Psyche
 11253 | D:10     | Killed Psyche
 11402 | D:11     | Found Borool's Armour Emporium.
 11459 | D:11     | Reached skill level 5 in Spellcasting
 11598 | D:11     | Reached skill level 9 in Hexes
 11901 | D:11     | Identified a scroll of acquirement
 11901 | D:11     | Acquired the +27 heavy crossbow "Sniper" {heavy, Acc+∞
                  | SInv}
 11901 | D:11     | Found the +27 heavy crossbow "Sniper" {heavy, Acc+∞ SInv}
 11946 | D:11     | Reached skill level 10 in Hexes
 11994 | D:11     | Reached skill level 1 in Translocations
 11997 | D:11     | Reached skill level 3 in Dodging
 12039 | D:11     | Received a gift from Nemelex Xobeh
 12260 | D:11     | Noticed a green ugly thing
 12261 | D:11     | Killed a green ugly thing
 12262 | D:11     | Reached skill level 2 in Translocations
 12297 | D:11     | Reached skill level 4 in Dodging
 12370 | D:11     | Reached skill level 3 in Translocations
 12777 | D:11     | Noticed a boulder beetle
 12787 | D:11     | Noticed Grum
 12789 | D:11     | Reached skill level 5 in Dodging
 12789 | D:11     | Killed Grum
 12789 | D:11     | Noticed a brown ugly thing
 12791 | D:11     | Reached skill level 4 in Translocations
 12793 | D:11     | Killed a brown ugly thing
 12836 | D:11     | Reached skill level 6 in Dodging
 12837 | D:11     | Killed a boulder beetle
 12838 | D:11     | Reached skill level 5 in Translocations
 12894 | D:11     | Reached skill level 7 in Dodging
 12894 | D:11     | Reached XP level 12. HP: 77/77 MP: 21/21
 12902 | D:11     | Noticed a six-headed hydra
 12904 | D:11     | Killed a six-headed hydra
 12905 | D:11     | Reached skill level 8 in Dodging
 12910 | D:11     | Identified the +1 flail "Itefy" {flame, rF+ Str+2 Int+3
                  | Dex-2}
 12964 | D:11     | Reached skill level 9 in Dodging
 13127 | D:11     | Received a gift from Nemelex Xobeh
 13265 | D:12     | Noticed Jorgrun
 13277 | D:11     | HP: 14/77 [slime creature (15)]
 13278 | D:11     | Reached skill level 10 in Dodging
 13488 | D:12     | Killed from afar by Jorgrun

Illustrated notes

Levels and vault maps discovered:
D:1:      wander_arrival_lonely_grave, layout_loops_ring,
          shapermc_ecumenical_altar_mp_ritualfount, chequers_arboretum
D:2:      layout_loops_cross, reono_crystal_passage, nicolae_underground_beach
D:3:      layout_basic, minmay_misc_feat_enclosed, serial_bayou_pond_e,
          minmay_checkerbox
D:4:      layout_basic, yredelemnul_forgotten_temple_becter,
          general_overflow_altar, lightli_temple_of_fire, fiery_altar_vehumet,
          uniq_edmund, uniq_grinder, uniq_duvessa, uniq_sigmund
D:5:      layout_basic, grunt_ashenzari_visionary
          [grunt_ashenzari_visionary_shoals, grunt_ashenzari_visionary_snake],
          marbit_many_paths, serial_shops, shop,
          nicolae_shop_bloodbath_and_beyond, shop,
          ebering_ghost_reflecting_pool, st_stairs_9, uniq_eustachio,
          uniq_prince_ribbit1, uniq_pikel
D:6:      layout_gridville, grunt_dithmenos_smoke_and_mirrors,
          mainiacjoe_overflow_concentric_impassable, uniq_maggie
D:7:      layout_basic, minmay_temple_entry_statues_pillars, guppyfry_shop_venom
D:8:      layout_layer_cave, mainiacjoe_overflow_chevrons
D:9:      layout_gridville, kennysheep_mini,
          chequers_temple_overflow_statue_of_worship, orc_0_dummy, serial_shops,
          shop
D:10:     layout_cave_pools, lemuel_round_altar, overflow_temple_1_default,
          erik_lair_orcish_takeover, enter_bailey_5, nicolae_stop_n_shop_1,
          uniq_harold
D:11:     kennysheep_windowed_halls, layout_layer_cave, serial_shops,
          nicolae_shop_hallway_stairs, uniq_grum, uniq_psyche
D:12:     layout_basic, nicolae_trove_entry_diagonal,
          portal_ice_cave_entry_imps, uniq_jorgrun

Skill      XL: |  1  2  3  4  5  6  7  8  9 10 11 12 |
---------------+-------------------------------------+-----
Ranged Weapons | 3 4 5 6 7 9 10 | 10.2
Fighting       | 1 2 3 6 8 10 | 10.0
Hexes          | 5 6 7 10 | 10.0
Invocations    | 6 9 10 | 10.0
Spellcasting   | 2 5 |  5.0
Translocations | 5 |  5.0
Dodging        | 7 10 | 10.0

Action                     |  1- 3 |  4- 6 |  7- 9 | 10-12 || total
---------------------------+-------+-------+-------+-------++-------
   Fire: Sling             |   112 |   158 |   191 |       ||   461
         Shortbow          |       |       |   175 |   438 ||   613
         Heavy crossbow    |       |       |       |    61 ||    61
   Cast: Slow              |       |     8 |    33 |    19 ||    60
         Portal Projectile |       |       |       |     1 ||     1
         Cause Fear        |       |       |       |     2 ||     2
 Invoke: Draw Destruction  |       |     2 |     5 |     5 ||    12
         Draw Summoning    |       |       |     2 |     4 ||     6
         Stack Five        |       |       |       |     1 ||     1
  Evoke: Wand              |       |       |       |     2 ||     2
    Use: Scroll            |       |     1 |    14 |    12 ||    27
 Armour: Robe              |     9 |    29 |    66 |   125 ||   229
  Dodge: Dodged            |    46 |    40 |    95 |   226 ||   407
  Block: Other             |       |    10 |    34 |    87 ||   131
         Reflection        |       |       |     1 |    15 ||    16

Table legend: (Time is in decaauts)
 A = Elapsed time spent in this place.
 B = Non-inter-level travel time spent in this place.
 C = Inter-level travel time spent in this place.
 D = Time resting spent in this place.
 E = Time spent auto-exploring this place.
 F = Levels seen in this place.
 G = Mean time per level.
                   A        B        C        D        E       F      G
               +--------+--------+--------+--------+--------+-----+--------+
         Total |  13666 |  12589 |   1077 |    203 |   9755 |  13 | 1051.2 |
       Dungeon |  13192 |  12115 |   1077 |    203 |   9467 |  12 | 1099.3 |
        Bailey |    473 |    473 |      0 |      0 |    287 |   1 |  473.0 |
               +--------+--------+--------+--------+--------+-----+--------+

Top non-repeatable levels by time:
    D:11: 2182 daAuts
     D:9: 1533 daAuts
     D:5: 1435 daAuts
     D:8: 1306 daAuts
     D:4: 1182 daAuts
    D:10: 1030 daAuts
     D:3: 1019 daAuts
     D:7: 998 daAuts
     D:6: 922 daAuts
     D:1: 890 daAuts
     D:2: 656 daAuts
  Bailey: 473 daAuts
    D:12: 35 daAuts

Table legend:
 A = Kills in this place as a percentage of kills in entire the game.
 B = Kills by you in this place as a percentage of kills by you in the entire game.
 C = Kills by friends in this place as a percentage of kills by friends in the entire game.
 D = Other kills in this place as a percentage of other kills in the entire game.
 E = Experience gained in this place as a percentage of experience gained in the entire game.
 F = Experience gained in this place divided by the number of levels of this place that you have seen.
                   A       B       C       D       E      F
               +-------+-------+-------+-------+-------+----------------------
         Total | 100.0 | 100.0 | 100.0 | 100.0 | 100.0 | 2096.2
       Dungeon |  92.6 |  92.4 |  94.7 | 100.0 |  92.7 | 2105.0
        Bailey |   7.4 |   7.6 |   5.3 |   0.0 |   7.3 | 1991.0
               +-------+-------+-------+-------+-------+----------------------
